 Dungeon Crawl Stone Soup version 0.32-a0-938-g40ac7a0f4d (webtiles) character file.

Game seed: 12834822973239446075

9 ragingrage the Sneak (level 2, -1/16 HPs)
             Began as a Vine Stalker Delver on Apr 15, 2024.
             Slain by a river rat (7 damage)
             ... on level 6 of the Dungeon.
             The game lasted 00:00:31 (205 turns).

ragingrage the Sneak (Vine Stalker Delver)           Turns: 205, Time: 00:00:31

Health: -1/16      AC:  3    Str: 14    XL:     2   Next: 12%
Magic:  0/3        EV: 10    Int: 10    God:
Gold:   24         SH:  0    Dex: 15    Spells: 1/1 levels left

rFire   . . .        a - +0 short sword
rCold   . . .        (no shield)
rNeg    . . .        b - +0 leather armour
rPois   .            (no helmet)
rElec   .            (no cloak)
rCorr   .            (no gloves)
SInv    .            (no boots)
Will    .....        (no amulet)
Stlth   +++          (no ring)
HPRegen 1.02/turn    (no ring)
MPRegen 0.08/turn

%: guardian spirit
@: no status effects
A: fangs 2, regeneration 1, magic shield, antimagic bite, no potion heal 2
a: no special abilities


You were on level 6 of the Dungeon.
You visited 1 branch of the dungeon, and saw 2 of its levels.

You collected 24 gold pieces.

Inventory:

Hand Weapons
 a - a +0 short sword (weapon)
Armour
 b - a +0 leather armour (worn)
 j - a +0 ring mail
Wands
 g - a wand of digging (3)
 i - a wand of mindburst (11)
Scrolls
 c - a scroll of fog
 d - a scroll of revelation
 e - a scroll of fear
 h - a scroll of summoning {unknown}
 k - a scroll of identify {unknown}
Potions
 f - a potion of haste


   Skills:
 - Level 2.6 Fighting
 + Level 2.5 Short Blades
 - Level 1.5 Dodging
 - Level 6.0 Stealth


You had one spell level left.
You didn't know any spells.
Your spell library was empty.

Dungeon Overview and Level Annotations

Branches:
Dungeon (6/15)
 Temple: D:4-7

Altars:
Dithmenos
Xom
Zin

Portals:
Sewer: D:6

Annotations:
D:6 3 runed translucent doors, exclusions: steam dragon and water moccasin


Innate Abilities, Weirdness & Mutations

You have extremely sharp teeth.
Your natural rate of healing is unusually fast.
When hurt, damage is shared between your health and your magic reserves.
Your bite disrupts and absorbs the magic of your enemies.
Potions cannot restore your health.


Message History

A river rat comes into view.
A ribbon worm comes into view.
Found a glowing drain.
The river rat bites you.
The river rat bites you but does no damage.
The river rat attacks as it pursues you!
The river rat barely misses you.
The river rat attacks as it pursues you!
The river rat closely misses you.
You hit the river rat but do no damage.
You bite the river rat, but do no damage.
You barely miss the river rat. Your bite misses the river rat.
The river rat barely misses you.
You hit the river rat but do no damage. The river rat closely misses you.
You closely miss the river rat. The river rat completely misses you.
You closely miss the river rat. Your bite misses the river rat.
The river rat closely misses you.
You barely miss the river rat. The river rat bites you.
You hit the river rat but do no damage. The river rat bites you.
You barely miss the river rat. Your bite misses the river rat.
The river rat bites you but does no damage.
You hit the river rat. Your bite misses the river rat.
You barely miss the river rat. You bite the river rat. You drain its power.
You feel invigorated. The river rat bites you.
You hit the river rat but do no damage. The river rat bites you.
You hit the river rat but do no damage. The river rat bites you.
You hit the river rat but do no damage. Your bite misses the river rat.
The river rat bites you but does no damage.
You hit the river rat but do no damage. You bite the river rat.
You drain its power.
You feel invigorated. The river rat bites you.
You barely miss the river rat. The river rat closely misses you.
You closely miss the river rat. Your bite misses the river rat.
The river rat bites you!
* * * LOW HITPOINT WARNING * * *
You barely miss the river rat. You hit the river rat but do no damage.
You bite the river rat, but do no damage.
The river rat barely misses you.
You hit the river rat but do no damage. The river rat bites you!
You die...

##...#...............#.#
#....#.......#######.#.#
....##.......#######.#.#
..###..................#
###.......##########...#
#........## #....#
.[#...#### #.#..# #
#<..# ##########.#..#
#.............@r.....#
#..#############.#..##
...# #...#...# .....
#.#####.# ...... #.. .#
##..## ##.. .. #..# .(.


w.r #... ~~S. ..~~~~~.. You could see a river rat.

Vanquished Creatures
  An adder (D:6)
1 creature vanquished.

Notes
Turn   | Place    | Note
-------+----------+-------------------------------------------
     0 | D:5      | ragingrage the Vine Stalker Delver began the quest for the
                  | Orb.
     0 | D:5      | Reached XP level 1. HP: 11/11 MP: 2/2
     6 | D:5      | Noticed a phantom
    24 | D:6      | Found a runed translucent gate.
    24 | D:6      | Found a runed translucent gate.
    24 | D:6      | Found a runed translucent gate.
    61 | D:5      | Found a shimmering altar of Xom.
    61 | D:5      | Found a shadowy altar of Dithmenos.
    73 | D:5      | Found a glowing silver altar of Zin.
    84 | D:6      | Reached XP level 2. HP: 16/16 MP: 3/3
    96 | D:6      | Noticed a water moccasin
   103 | D:6      | Noticed a steam dragon
   174 | D:6      | Found a glowing drain.
   205 | D:6      | Slain by a river rat

Illustrated notes

Levels and vault maps discovered:
D:5:      layout_loops_ring, nicolae_overflow_hidden_temple,
          chequers_temple_overflow_minitemple, gammafunk_ghost_smash,
          uniq_eustachio, uniq_edmund
D:6:      layout_loops_ring, gammafunk_ghost_icy, portal_sewer_entry_a,
          serial_bayou_crossing, uniq_menkaure

Skill      XL: |  1 |
---------------+----+-----
Short Blades   | 2 |  2.5
Fighting       | |  2.6
Dodging        | |  1.5
Stealth        | |  6.0

Action                     || total
---------------------------++-------
  Melee: Short sword       ||    19
         Bite              ||     4
  Evoke: Wand              ||     1
 Armour: Leather armour    ||    12
  Dodge: Dodged            ||     8

Table legend: (Time is in decaauts)
 A = Elapsed time spent in this place.
 B = Non-inter-level travel time spent in this place.
 C = Inter-level travel time spent in this place.
 D = Time resting spent in this place.
 E = Time spent auto-exploring this place.
 F = Levels seen in this place.
 G = Mean time per level.
                   A        B        C        D        E       F      G
               +--------+--------+--------+--------+--------+-----+--------+
         Total |    204 |    199 |      5 |      0 |    113 |   2 |  102.0 |
       Dungeon |    204 |    199 |      5 |      0 |    113 |   2 |  102.0 |
               +--------+--------+--------+--------+--------+-----+--------+

Top non-repeatable levels by time:
     D:6: 173 daAuts
     D:5: 30 daAuts
